 Dungeon Crawl Stone Soup version 0.28-a0-1382-g92835e5c71 (webtiles) character file.

Game seed: 6324926125524671878

12092 Crownlay the Thaumaturge (level 11, -2/63 HPs)
             Began as a Gargoyle Earth Elementalist on Jan 1, 2022.
             Was an Elder of Vehumet.
             Slain by a manticore (18 damage)
             ... on level 11 of the Dungeon.
             The game lasted 00:26:42 (14612 turns).

Crownlay the Thaumaturge (GrEE)                    Turns: 14612, Time: 00:26:42

Health: -2/63      AC: 13    Str: 13    XL:     11   Next: 88%
Magic:  9/27       EV: 12    Int: 25    God:    Vehumet [****..]
Gold:   1729       SH:  0    Dex: 17    Spells: 23/34 levels left

rFire   + . .      SeeInvis .   n - +4 great sword "Vuaxadue" {vorpal, Drain rF+ Dex+7}
rCold   . . .      Faith    .   (shield currently unavailable)
rNeg    + . .      Spirit   .   b - +0 robe
rPois   ∞          Reflect  .   l - +0 helmet
rElec   +          Harm     .   i - +0 cloak
rCorr   .          Rampage  .   (no gloves)
Will    .....                   e - +0 pair of boots
Stlth   ++........              (no amulet)
HPRegen 0.20/turn               y - +6 ring of intelligence
MPRegen 0.20/turn               W - ring of wizardry

@: spiked
A: sickness immunity, AC +8, negative energy resistance 1, electricity
resistance, torment resistance 1, petrification resistance
a: Renounce Religion


You were on level 11 of the Dungeon.
You worshipped Vehumet.
Vehumet was greatly pleased with you.
You visited 2 branches of the dungeon, and saw 12 of its levels.
You also visited: Bailey.

You collected 1756 gold pieces.
You spent 27 gold pieces at shops.

Inventory:

Hand Weapons
 n - the +4 great sword "Vuaxadue" (weapon) {vorpal, Drain rF+ Dex+7}
   (You found it on level 3 of the Dungeon)

   It inflicts extra damage upon your enemies.
   Dex:       It affects your dexterity (+7).
   rF:        It protects you from fire.
   Drain:     It drains your maximum health when unequipped.
Missiles
 c - 79 stones
Armour
 b - a +0 robe (worn)
 e - a +0 pair of boots (worn)
 i - a +0 cloak (worn)
 l - a +0 helmet (worn)
 N - a +0 buckler
Magical Staves
 R - a staff of fire
Jewellery
 d - a +6 ring of intelligence
 f - a ring of flight
 u - an amulet of guardian spirit
 y - a +6 ring of intelligence (left hand)
 V - an amulet of the acrobat
 W - a ring of wizardry (right hand)
Wands
 k - a wand of digging (8)
 q - a wand of polymorph (7)
 E - a wand of iceblast (7)
 G - a wand of flame (23)
 K - a wand of mindburst (14)
 S - a wand of charming (3)
 U - a wand of paralysis (1)
Scrolls
 g - 4 scrolls of fear
 h - 2 scrolls of enchant armour
 j - 2 scrolls of enchant weapon {unknown}
 o - 3 scrolls of immolation
 p - 2 scrolls of teleportation
 v - a scroll of magic mapping {unknown}
 B - a scroll of torment {unknown}
 C - a scroll of amnesia
 D - 3 scrolls of fog {unknown}
 I - a scroll of summoning {unknown}
 J - 2 scrolls of holy word {unknown}
 L - 2 scrolls of blinking
 M - a scroll of identify
 X - a scroll of brand weapon
 Y - a scroll of noise {unknown}
Potions
 a - 2 potions of curing
 m - 3 potions of haste {unknown}
 r - a potion of ambrosia {unknown}
 s - a potion of magic {unknown}
 t - a potion of experience {unknown}
 w - a potion of mutation {unknown}
 x - 2 potions of resistance
 z - 2 potions of lignification {unknown}
 A - a potion of berserk rage {unknown}
 F - 2 potions of invisibility {unknown}
 H - a potion of brilliance {unknown}
 O - 3 potions of degeneration {unknown}
 P - a potion of heal wounds {unknown}
Miscellaneous
 T - a phantom mirror (inert)


   Skills:
 - Level 5.0 Fighting
 - Level 1.5 Dodging
 - Level 2.1 Stealth
 + Level 2.0 Shields
 * Level 12.3 Spellcasting
 + Level 5.4 Conjurations
 + Level 4.4 Summonings
 - Level 0.7 Transmutations
 + Level 11.7 Earth Magic
 - Level 2.0 Evocations


You had 23 spell levels left.
You knew the following spells:

 Your Spells              Type           Power      Damage    Failure   Level
a - Sandblast             Erth           100%       2d20      1%          1
b - Passwall              Tmut/Erth      38%        N/A       1%          2
c - Stone Arrow           Conj/Erth      100%       3d13      1%          3
d - Lee's Rapid Deconstr  Erth           32%        3d18*     1%          5

Your spell library contained the following spells:

 Spells                   Type           Power      Damage    Failure   Level
 Airstrike                Air            7%         N/A       4%          4
 Foxfire                  Conj/Fire      100%       2x1d9     1%          1
 Sting                    Tmut/Pois      68%        1d6       1%          1
 Summon Small Mammal      Summ           100%       N/A       1%          1
 Poisonous Vapours        Pois/Air       30%        N/A       1%          2
 Call Canine Familiar     Summ           37%        N/A       1%          3
 Dazzling Flash           Conj/Hex       58%        N/A       1%          3
 Summon Guardian Golem    Hex/Summ       26%        N/A       1%          3
 Iskenderun's Mystic Bla  Conj/Tloc      29%        2d7       1%          4
 Petrify                  Tmut/Erth      46%        N/A       1%          4
 Iron Shot                Conj/Erth      27%        9d6       2%          6
 Gell's Gravitas          Tloc           15%        N/A       4%          3
 Teleport Other           Tloc           15%        N/A       4%          3
 Tukima's Dance           Hex            15%        N/A       4%          3
 Olgreb's Toxic Radiance  Pois           15%        N/A       4%          4
 Borgnjor's Vile Clutch   Necr/Erth      22%        N/A       4%          5
 Yara's Violent Unravell  Hex/Tmut       8%         3d5       11%         5
 Passage of Golubria      Tloc           15%        N/A       16%         4
 Starburst                Conj/Fire      14%        6d6       21%         6
 Dispersal                Tloc           7%         N/A       91%         6
 Shatter                  Erth           32%        3d26*     91%         9


Dungeon Overview and Level Annotations

Branches:
Dungeon (11/15)            Temple (1/1) D:4             Orc (0/2) D:9
 Bailey (visited)
   Lair: D:8-11

Altars:
Ashenzari
Cheibriados
Dithmenos
Elyvilon
Fedhas
Gozag
Hepliaklqana
Kikubaaqudgha
Makhleb
Nemelex Xobeh
Okawaru
Qazlal
Ru
Sif Muna
Trog
Uskayaw
Vehumet
Wu Jian
Xom
Yredelemnul
Zin
The Shining One

Shops:
D:9 *

Annotations:
D:11 Josephine


Innate Abilities, Weirdness & Mutations

You are immune to sickness and miasma.
Your stone body is resilient. (AC +8)
You are immune to poison.
You resist negative energy. (rN+)
You are resistant to electric shocks. (rElec)
You are resistant to unholy torment.
You are immune to petrification.


Message History

As you read the scroll of teleportation, it crumbles to dust.
You feel strangely unstable.
Casting: Stone Arrow (safe; 1% risk of failure)
Confirm with . or Enter, or press ? or * to list all spells.
Aiming: Stone Arrow (safe; 1% risk of failure)
Press: ? - help, Shift-Dir - straight line, f/p - wraith
Aim: a wraith (almost destroyed, 78% to hit)
The stone arrow hits the wraith!
You destroy the wraith!
Vehumet accepts your kill.
Vehumet is now extending the range of your destructive spells.
Your surroundings suddenly seem different.
A manticore comes into view.
Found seven items.
The manticore flicks its tail.
The volley of spikes misses you.
The manticore flicks its tail.
The volley of spikes hits you!
The barbed spikes become lodged in your body.
* * * LOW HITPOINT WARNING * * *
You feel better.
The manticore flicks its tail.
The volley of spikes misses you.
Casting: Stone Arrow (safe; 1% risk of failure)
Confirm with . or Enter, or press ? or * to list all spells.
Aiming: Stone Arrow (safe; 1% risk of failure)
Press: ? - help, Shift-Dir - straight line, f - manticore
Aim: a manticore (87% to hit)
The stone arrow hits the manticore!
The manticore is moderately wounded.
You feel yourself speed up.
Casting: Stone Arrow (safe; 1% risk of failure)
Confirm with . or Enter, or press ? or * to list all spells.
Aiming: Stone Arrow (safe; 1% risk of failure)
Press: ? - help, Shift-Dir - straight line, f/p - manticore
Aim: a manticore (moderately wounded, 87% to hit)
The stone arrow hits the manticore!!
The manticore is severely wounded.
The manticore bites you!!
You die...

W###### .# .#
l#
#######.####
##
#.?.!......#
....#
#...$......#
....#
#.........?#
....#
#......$...#
=..<#
#.....H(...#
....#
#.....@....#
....#
............#
....#
##!......=..#
#..........#
#..........#
############


You could see a manticore.

Vanquished Creatures
  A hydra (D:11)
  2 two-headed ogres
  An orc high priest (Bailey)
  2 orc knights (Bailey)
  A deep elf zephyrmancer (D:7)
  The ghost of wilfster70 the Zephyrmancer, a novice FeSu of Gozag (D:8)
  A kobold demonologist (Bailey)
  3 trolls
  A wyvern (D:7)
  A wraith (D:11)
  A shadow (D:9)
  A basilisk (D:9)
  5 yaks (D:10)
  Eustachio (D:4)
  An acid dragon (D:11)
  5 ice beasts
  2 sky beasts (D:5)
  A black bear (D:5)
  A meliai simulacrum (D:9)
  2 hornet zombies
  A necrophage (D:5)
  16 orc warriors
  A centaur (D:9)
  3 ogres (D:6)
  2 phantoms
  A kobold brigand (D:9)
  A gnoll sergeant (D:10)
  7 scorpions
  8 killer bees
  4 electric eels (Bailey)
  4 howler monkeys
  A bullfrog skeleton (D:4)
  A centaur zombie (D:9)
  A lava snake (D:9)
  4 hounds
  2 jellies
  6 orc priests
  A centaur skeleton (D:4)
  2 gnoll shamans
  Ijyb (D:3)
  Natasha (thrice) (D:3)
  16 orc wizards
  A howler monkey zombie (D:9)
  Robin (D:3)
  5 adders
  25 gnolls
  2 white imps
  An adder skeleton (D:3)
  A worm (D:3)
  A dart slug (D:4)
  44 orcs
  6 endoplasms
  A giant cockroach (D:1)
  22 goblins
  12 hobgoblins
  6 jackals
  9 kobolds
  2 quokkas (D:4)
  7 ball pythons
  3 bats
  4 frilled lizards
  2 rats
275 creatures vanquished.

Notes
Turn   | Place    | Note
-------+----------+-------------------------------------------
     0 | D:1      | Crownlay the Gargoyle Earth Elementalist began the quest
                  | for the Orb.
     0 | D:1      | Reached XP level 1. HP: 10/10 MP: 3/3
   246 | D:1      | Reached XP level 2. HP: 6/15 MP: 1/5
  1728 | D:2      | Reached XP level 3. HP: 17/19 MP: 7/7
  1731 | D:2      | Learned a level 2 spell: Passwall
  1842 | D:2      | Reached skill level 3 in Spellcasting
  2140 | D:2      | Reached XP level 4. HP: 9/24 MP: 2/9
  2342 | D:2      | Found an iron altar of Okawaru.
  2793 | D:3      | Noticed Ijyb
  2797 | D:3      | Noticed Natasha
  2871 | D:3      | Killed Ijyb
  2873 | D:3      | Killed Natasha
  3083 | D:3      | Reached XP level 5. HP: 27/28 MP: 10/10
  3088 | D:3      | Identified the +4 great sword "Vuaxadue" {vorpal, Drain rF+
                  | Dex+7}
  3099 | D:3      | Noticed Natasha
  3107 | D:3      | Killed Natasha
  3108 | D:3      | Reached skill level 4 in Spellcasting
  3210 | D:3      | Found a shadowy altar of Dithmenos.
  3229 | D:3      | Reached skill level 5 in Earth Magic
  3728 | D:3      | Noticed Natasha
  3735 | D:3      | Killed Natasha
  3803 | D:3      | Reached XP level 6. HP: 32/32 MP: 10/13
  3936 | D:3      | Noticed Robin
  3947 | D:3      | Killed Robin
  4209 | D:4      | Found a staircase to the Ecumenical Temple.
  4238 | Temple   | Entered the Ecumenical Temple
  4387 | Temple   | Became a worshipper of Vehumet
  4440 | D:4      | Reached skill level 5 in Spellcasting
  4514 | D:4      | Found a white marble altar of Elyvilon.
  4629 | D:4      | Reached XP level 7. HP: 28/36 MP: 15/15
  4704 | D:4      | Noticed Eustachio
  4710 | D:4      | Learned a level 3 spell: Stone Arrow
  4713 | D:4      | Killed Eustachio
  4714 | D:4      | Reached skill level 6 in Spellcasting
  5293 | D:5      | Entered Level 5 of the Dungeon
  5468 | D:5      | Reached XP level 8. HP: 27/41 MP: 11/18
  5469 | D:5      | Reached skill level 7 in Spellcasting
  5673 | D:5      | Reached * piety under Vehumet
  5673 | D:5      | Offered knowledge of Shock by Vehumet.
  5956 | D:5      | Found an ancient bone altar of Kikubaaqudgha.
  6401 | D:6      | Found a broken altar of Ashenzari.
  6438 | D:6      | Reached skill level 8 in Spellcasting
  6787 | D:6      | Reached XP level 9. HP: 45/45 MP: 19/21
  6888 | D:6      | Found a sacrificial altar of Ru.
  6935 | D:6      | Found a shimmering blue altar of Sif Muna.
  6937 | D:6      | Found an ornate altar of the Wu Jian Council.
  6937 | D:6      | Found a burning altar of Makhleb.
  6941 | D:6      | Found a snail-covered altar of Cheibriados.
  7088 | D:6      | Noticed a troll
  7093 | D:6      | Reached skill level 9 in Spellcasting
  7099 | D:6      | Killed a troll
  7184 | D:6      | Found a stormy altar of Qazlal.
  7553 | D:7      | Noticed a two-headed ogre
  7559 | D:7      | Killed a two-headed ogre
  7560 | D:7      | Reached skill level 10 in Spellcasting
  7567 | D:7      | Reached skill level 10 in Earth Magic
  8172 | D:7      | Reached XP level 10. HP: 50/50 MP: 24/24
  8244 | D:7      | Noticed a deep elf zephyrmancer
  8246 | D:7      | Killed a deep elf zephyrmancer
  8247 | D:7      | Reached skill level 1 in Fighting
  8247 | D:7      | Reached skill level 1 in Conjurations
  8247 | D:7      | Reached skill level 1 in Summonings
  8247 | D:7      | Reached skill level 1 in Evocations
  8379 | D:7      | Offered knowledge of Scorch by Vehumet.
  8488 | D:7      | Reached ** piety under Vehumet
  8753 | D:8      | Found a large runed translucent door.
  8753 | D:8      | Found a large runed translucent door.
  8753 | D:8      | Noticed wilfster70's ghost (novice FeSu)
  9007 | D:8      | Found a flagged portal.
  9018 | Bailey   | Entered a bailey
  9110 | Bailey   | Noticed a kobold demonologist
  9120 | Bailey   | Killed a kobold demonologist
  9121 | Bailey   | Reached skill level 11 in Spellcasting
  9233 | Bailey   | Noticed an orc knight
  9239 | Bailey   | Killed an orc knight
  9451 | Bailey   | Noticed an orc knight
  9459 | Bailey   | Offered knowledge of Poisonous Vapours by Vehumet.
  9462 | Bailey   | Killed an orc knight
  9594 | Bailey   | Found an iron altar of Okawaru.
  9594 | Bailey   | Noticed an orc high priest
  9599 | Bailey   | Killed an orc high priest
  9600 | Bailey   | Reached XP level 11. HP: 60/60 MP: 12/26
 10175 | Bailey   | Reached *** piety under Vehumet
 10478 | D:8      | Found a glowing golden altar of the Shining One.
 10957 | D:8      | Killed wilfster70's ghost
 11092 | D:9      | Identified the +0 leather armour of the Dropbear {SInv}
 11098 | D:9      | Found Eneke's Assorted Antiques.
 11270 | D:9      | Noticed a two-headed ogre
 11279 | D:9      | Killed a two-headed ogre
 11569 | D:9      | Offered knowledge of Airstrike by Vehumet.
 11804 | D:9      | Found a staircase to the Orcish Mines.
 11875 | D:9      | Found an opulent altar of Gozag.
 12140 | D:9      | Found a transporter.
 12201 | D:9      | Found a transporter.
 12414 | D:9      | Reached skill level 12 in Spellcasting
 12769 | D:9      | Bought a scroll labelled YSATAM GU WUAD for 27 gold pieces
 12852 | D:9      | Acquired 958 gold pieces
 12854 | D:9      | Acquired the Almanac of Ignition and the Rocks
 12866 | D:9      | Learned a level 5 spell: Lee's Rapid Deconstruction
 13511 | D:10     | Entered Level 10 of the Dungeon
 13519 | D:10     | Reached skill level 5 in Conjurations
 13527 | D:10     | Reached skill level 1 in Shields
 13528 | D:10     | Reached **** piety under Vehumet
 13532 | D:10     | Reached skill level 5 in Fighting
 14423 | D:10     | Found a faded altar of an unknown god.
 14423 | D:10     | Found a faded altar of an unknown god.
 14423 | D:10     | Found a hazy altar of Hepliaklqana.
 14425 | D:10     | Found a faded altar of an unknown god.
 14599 | D:11     | Noticed a seven-headed hydra
 14600 | D:11     | Noticed Josephine
 14606 | D:11     | Killed a seven-headed hydra
 14609 | D:11     | Noticed a manticore
 14612 | D:11     | Slain by a manticore

Illustrated notes

Levels and vault maps discovered:
D:1:      elethiomel_arrival_shortcut, layout_loops_corners
D:2:      layout_loops_ring, basic_altar, bh_walls_and_bars
D:3:      kennysheep_goblin_castle, layout_rooms,
          nicolae_dithmenos_shadow_blocks, uniq_natasha, uniq_robin, uniq_ijyb
D:4:      wander_river, layout_basic, elyvilon_altar_5,
          minmay_temple_entry_grid, minivault_26, uniq_eustachio
D:5:      layout_basic, kiku_gazebo_garden_becter
D:6:      layout_basic, nicolae_qazlal_style_of_elements, minitemple,
          overflow_temple_1_default, kennysheep_generic_room_7
D:7:      layout_loops_corners, guppyfry_early_elven_hall
D:8:      layout_basic, nicolae_tso_swordbearing_angel,
          ebering_ghost_disaster_area, enter_bailey_3
D:9:      gammafunk_cloud_chamber, layout_rooms, grunt_gozag_statues,
          hiddenorc2_lemuel, minivault_22, hangedman_abyss_or_decor_slice,
          nicolae_inconvenience_store, st_stairs_6
D:10:     layout_basic, nicolae_hepliaklqana_ecumenical_no_more
D:11:     layout_roguey, dpeg_lair_monsters, gammafunk_ghost_hive,
          eino_house_with_fridge, uniq_josephine
Temple:   grunt_temple_mini_profane

Skill      XL: |  1  2  3  4  5  6  7  8  9 10 11 |
---------------+----------------------------------+-----
Earth Magic    | 4 5 6 7 8 10 11 | 11.7
Spellcasting   | 3 4 5 6 8 10 11 12 | 12.3
Fighting       | 3 5 |  5.0
Conjurations   | 3 5 |  5.4
Summonings     | 3 4 |  4.4
Evocations     | 2 |  2.0
Shields        | 2 |  2.0
Dodging        | |  1.5
Stealth        | |  2.1
Transmutations | |  0.7

Action                   |  1- 3 |  4- 6 |  7- 9 | 10-12 || total
-------------------------+-------+-------+-------+-------++-------
Melee: Short sword       |    80 |       |       |       ||    80
       Dagger            |    23 |    14 |       |       ||    37
       Great sword       |       |    45 |    34 |    36 ||   115
 Cast: Sandblast         |    11 |    50 |   105 |    75 ||   241
       Stone Arrow       |       |       |     4 |   167 ||   171
Evoke: Wand              |       |       |       |    10 ||    10
       Phantom mirror    |       |       |       |     1 ||     1
  Use: Scroll            |       |     4 |     1 |     8 ||    13
       Potion            |       |       |       |     1 ||     1
 Stab: Sleeping          |     4 |     2 |     1 |       ||     7
Armor: Robe              |    58 |    45 |    34 |    64 ||   201
Dodge: Dodged            |    88 |    66 |    59 |   127 ||   340

Table legend: (Time is in decaauts)
 A = Elapsed time spent in this place.
 B = Non-inter-level travel time spent in this place.
 C = Inter-level travel time spent in this place.
 D = Time resting spent in this place.
 E = Time spent auto-exploring this place.
 F = Levels seen in this place.
 G = Mean time per level.
                   A        B        C        D        E       F      G
               +--------+--------+--------+--------+--------+-----+--------+
         Total |  14705 |  14026 |    679 |    549 |  11272 |  13 | 1131.2 |
       Dungeon |  13096 |  12480 |    616 |    391 |  10303 |  11 | 1190.5 |
        Temple |    188 |    125 |     63 |      0 |    124 |   1 |  188.0 |
        Bailey |   1420 |   1420 |      0 |    158 |    845 |   1 | 1420.0 |
               +--------+--------+--------+--------+--------+-----+--------+

Top non-repeatable levels by time:
     D:9: 2439 daAuts
     D:1: 1596 daAuts
  Bailey: 1420 daAuts
     D:3: 1378 daAuts
     D:2: 1260 daAuts
     D:6: 1156 daAuts
     D:7: 1117 daAuts
     D:5: 1107 daAuts
    D:10: 1019 daAuts
     D:8: 1017 daAuts
     D:4: 919 daAuts
  Temple: 188 daAuts
    D:11: 83 daAuts
